Map: Deathaura LE

Players

Serral

  • Race: Zerg Zerg
  • Spawn Location: 5:00

INnoVation - Winner!

  • Race: Terran Terran
  • Spawn Location: 11:00

Event: DreamHack SC2 Masters 2020 Summer Season Finals

VOD

Have the link to the VOD?

Description

Time

  • Played on: July 16, 2020, 10:52 a.m.
  • Length: 17:30

All games in this series

Show
View Real Time Build Order
Export as new Build Order

Serral Zerg 

Build Orders: Hatch First, Brood Lord Corruptor 

Get SALT Encoding   

  12  0:00  Drone  
  13  0:12  Overlord  
  13  0:16  Drone  
  14  0:30  Drone x2  
  16  0:47  Hatchery  
  15  0:51  Drone  
  15  0:54  Drone  
  17  0:57  Drone  
  18  1:09  Extractor  
  17  1:13  Spawning Pool  
  17  1:16  Drone  
  17  1:19  Drone  
  18  1:28  Drone  
  19  1:38  Drone  
  20  1:50  Overlord  
  20  1:59  Queen  
  20  2:00  Zergling x2, Queen  
  20  2:01  Zergling x2  
  26  2:10  Drone  
  26  2:12  Drone, Metabolic Boost  
  28  2:20  Drone  
  28  2:21  Drone  
  30  2:30  Extractor  
  30  2:34  Drone x2  
  31  2:39  Queen  
  31  2:42  Overlord  
  31  2:44  Extractor  
  33  2:45  Drone  
  34  2:53  Drone x2  
  36  3:03  Hatchery  
  36  3:10  Drone  
  36  3:11  Drone x3  
  40  3:13  Overlord  
  40  3:19  Drone x2  
  42  3:30  Overlord  
  42  3:32  Queen  
  44  3:34  Queen  
  44  3:40  Drone x2  
  48  3:42  Zergling x4  
  48  3:44  Drone x2  
  52  3:50  Zergling x2  
  52  3:51  Drone x3  
  52  3:54  Drone  
  57  4:03  Zergling x2  
  57  4:05  Drone  
  59  4:13  Roach Warren, Overlord, Queen  
  59  4:15  Queen  
  62  4:20  Zergling x4  
  62  4:21  Drone x2  
  66  4:28  Lair  
  66  4:30  Overlord  
  66  4:31  Drone, Extractor x2  
  65  4:32  Drone x2  
  65  4:35  Overlord  
  67  4:41  Zergling x2  
  67  4:42  Drone x4  
  67  4:43  Overlord  
  67  4:45  Overlord  
  72  4:53  Roach x3  
  72  4:58  Roach  
  82  5:00  Roach x2  
  82  5:02  Spore Crawler  
  82  5:03  Spore Crawler  
  82  5:04  Spore Crawler  
  82  5:06  Drone  
  82  5:09  Drone  
  82  5:10  Drone  
  84  5:15  Extractor  
  84  5:16  Drone x3  
  84  5:18  Overlord  
  84  5:20  Drone x2  
  88  5:22  Drone x3  
  88  5:28  Spire  
  90  5:30  Drone  
  92  5:35  Zergling x4  
  92  5:36  Zergling x4  
  92  5:39  Drone  
  92  5:40  Drone  
  97  5:45  Drone x2  
  97  5:48  Drone  
  100  5:50  Drone x2  
  100  5:56  Drone x3  
  105  5:58  Overlord  
  105  6:02  Drone x2  
  107  6:10  Drone x3  
  110  6:14  Overlord, Extractor x2  
  110  6:16  Hatchery  
  110  6:17  Evolution Chamber  
  102  6:20  Roach x2  
  102  6:25  Roach  
  104  6:27  Roach  
  102  6:33  Evolution Chamber  
  102  6:39  Roach x2  
  105  6:44  Corruptor x6  
  105  6:46  Corruptor  
  117  6:52  Zerg Missile Weapons Level 1  
  119  6:56  Glial Reconstitution  
  119  7:04  Zerg Melee Weapons Level 1  
  119  7:06  Drone x4  
  119  7:07  Drone x4, Baneling Nest  
  121  7:13  Overlord  
  121  7:15  Corruptor  
  122  7:17  Overlord x3  
  122  7:21  Overlord  
  122  7:27  Extractor  
  121  7:30  Extractor, Corruptor  
  121  7:33  Drone x4  
  126  7:38  Overlord  
  126  7:40  Drone x4  
  126  7:43  Hatchery  
  125  7:44  Corruptor x2  
  125  7:46  Drone  
  125  7:47  Drone  
  125  7:49  Zerg Flyer Weapons Level 1  
  125  7:50  Pneumatized Carapace  
  131  7:52  Overseer  
  131  7:56  Centrifical Hooks  
  131  8:01  Drone x5  
  131  8:02  Spore Crawler  
  131  8:05  Overlord  
  135  8:06  Overlord  
  135  8:09  Roach x3  
  141  8:14  Infestation Pit  
  140  8:20  Roach x6  
  152  8:31  Roach  
  152  8:32  Zergling x20  
  164  8:36  Drone x4  
  164  8:39  Overlord  
  171  8:41  Ravager x8  
  171  8:46  Overlord  
  171  8:48  Zergling x8  
  180  8:52  Overlord x2  
  180  8:54  Overlord  
  179  8:56  Overlord  
  179  9:02  Hive  
  179  9:06  Spore Crawler  
  179  9:07  Extractor  
  179  9:09  Drone x2, Extractor  
  178  9:11  Drone x2  
  178  9:14  Corruptor x3  
  179  9:17  Drone x2  
  179  9:18  Drone  
  179  9:19  Drone x2  
  179  9:20  Drone x3  
  187  9:26  Zerg Melee Weapons Level 2, Zerg Missile Weapons Level 2  
  187  9:32  Ravager x2  
  187  9:33  Ravager x3  
  192  9:39  Spine Crawler  
  192  9:40  Spine Crawler  
  190  9:46  Zerg Flyer Weapons Level 2  
  190  9:47  Zergling x2  
  190  9:48  Zergling x6  
  190  9:51  Burrow, Hatchery  
  192  10:04  Zergling x24  
  186  10:16  Zergling x16  
  186  10:17  Zergling x12  
  198  10:26  Baneling x14  
  194  10:28  Drone x2  
  194  10:31  Pathogen Glands  
  194  10:32  Overlord  
  196  10:38  Baneling x10  
  196  10:39  Baneling x8  
  194  10:43  Zergling x12  
  191  10:57  Drone x2  
  190  11:06  Zergling x34  
  195  11:12  Hatchery  
  190  11:18  Corruptor x4  
  190  11:21  Baneling x14  
  198  11:27  Neural Parasite  
  188  11:43  Zergling x32  
  199  11:53  Overlord  
  199  11:58  Zerg Melee Weapons Level 3  
  199  11:59  Zerg Missile Weapons Level 3  
  196  12:07  Zergling x12  
  200  12:11  Baneling x2  
  200  12:12  Baneling x3  
  200  12:15  Baneling x6  
  200  12:17  Hatchery  
  200  12:18  Adrenal Glands  
  190  12:33  Roach x12  
  189  12:45  Zergling x20  
  189  12:48  Greater Spire  
  189  12:50  Baneling  
  189  12:51  Baneling x4  
  190  12:59  Ravager x3  
  190  13:00  Ravager x6  
  197  13:13  Zergling x2  
  197  13:14  Zergling x2  
  188  13:22  Roach x7, Zergling x12  
  182  13:27  Roach  
  182  13:33  Roach x6  
  169  13:38  Corruptor x4  
  170  13:42  Baneling x11  
  170  13:48  Roach x2, Zergling x8  
  174  13:53  Drone x3, Spine Crawler  
  174  13:54  Spine Crawler  
  169  13:59  Roach x2, Zergling x2  
  153  14:04  Corruptor  
  153  14:05  Corruptor x2  
  149  14:10  Drone x2  
  149  14:14  Zergling x2  
  149  14:15  Zergling x22  
  142  14:24  Drone x5  
  138  14:29  Ravager x2  
  138  14:30  Ravager x10  
  153  14:36  Zerg Ground Armor Level 1  
  153  14:41  Baneling x6  
  153  14:44  Brood Lord x5, Corruptor x2  
  153  14:45  Corruptor x3  
  173  14:46  Brood Lord  
  173  14:47  Hatchery, Drone x2  
  173  14:48  Drone, Spine Crawler  
  173  14:49  Zergling x6  
  174  15:02  Zergling x16  
  182  15:14  Viper  
  181  15:20  Hatchery  
  176  15:28  Zergling x24  
  164  15:37  Drone x7  
  164  15:42  Drone x3  
  172  15:48  Viper x2  
  178  15:57  Baneling x9  
  178  16:00  Zergling x2  
  178  16:01  Zergling x6  
  170  16:13  Zergling x22  
  170  16:15  Baneling x2  
  170  16:16  Baneling  
  174  16:23  Drone x3  
  177  16:35  Corruptor x4  
  181  16:45  Corruptor  
  181  16:46  Corruptor x2  
Show
View Real Time Build Order
Export as new Build Order

INnoVation Terran - Winner!

Build Orders: Reaper Expand, Mech 

Get SALT Encoding   

  12  0:00  SCV  
  13  0:13  SCV  
  14  0:17  Supply Depot  
  14  0:25  SCV  
  15  0:38  SCV  
  15  0:40  Barracks  
  16  0:44  Refinery  
  16  0:51  SCV  
  17  1:03  SCV  
  18  1:15  SCV  
  19  1:27  Orbital Command  
  19  1:28  Reaper  
  20  1:38  Command Center  
  20  1:48  Supply Depot  
  20  1:53  SCV  
  21  1:59  Marine  
  22  2:05  SCV  
  22  2:07  Factory  
  23  2:13  Refinery  
  23  2:17  SCV  
  23  2:21  Barracks Reactor  
  24  2:29  SCV  
  25  2:41  SCV  
  26  2:50  Orbital Command  
  26  2:53  Starport, SCV  
  27  3:03  Hellion x2  
  31  3:07  SCV  
  32  3:18  SCV  
  32  3:19  SCV  
  34  3:24  Hellion  
  34  3:25  Hellion  
  38  3:30  SCV, Fusion Core  
  38  3:31  SCV  
  38  3:32  Starport Tech Lab  
  40  3:34  Supply Depot  
  40  3:42  SCV  
  40  3:43  SCV  
  42  3:50  Command Center  
  42  3:54  SCV  
  42  3:55  SCV  
  44  4:01  Supply Depot  
  44  4:06  SCV  
  44  4:07  SCV  
  46  4:18  Battlecruiser  
  46  4:20  SCV x2  
  46  4:21  Supply Depot  
  54  4:25  Refinery  
  54  4:28  Refinery  
  54  4:33  SCV x2  
  54  4:34  Hellion  
  54  4:36  Hellion  
  60  4:44  Supply Depot  
  60  4:45  SCV x2  
  62  4:57  SCV x2  
  62  4:58  Factory  
  62  4:59  Hellion  
  66  5:00  Hellion  
  66  5:04  Factory, Orbital Command  
  68  5:09  SCV x2  
  70  5:22  Battlecruiser  
  70  5:24  SCV x2  
  80  5:28  Hellion  
  80  5:29  Orbital Command, Hellion  
  80  5:34  Supply Depot  
  82  5:36  SCV x2  
  82  5:40  Weapon Refit  
  82  5:48  Factory Tech Lab x2  
  84  5:50  Hellion x2  
  84  5:53  SCV x2  
  84  5:56  SCV  
  89  5:59  Supply Depot  
  89  6:05  SCV x2  
  89  6:08  Refinery, SCV, Siege Tank x2  
  89  6:09  Refinery  
  96  6:19  SCV x2  
  96  6:20  SCV  
  96  6:23  Supply Depot  
  96  6:24  Engineering Bay  
  91  6:30  Battlecruiser  
  91  6:31  SCV x2  
  91  6:32  SCV  
  98  6:38  Supply Depot  
  98  6:43  Armory, SCV x2  
  98  6:44  SCV  
  98  6:46  Armory  
  101  6:49  Hellion x2  
  105  6:55  Supply Depot, SCV x2  
  105  6:56  Siege Tank, SCV  
  111  7:02  Siege Tank, Missile Turret x2  
  114  7:09  SCV x3  
  114  7:11  Supply Depot  
  117  7:19  Command Center  
  117  7:24  SCV x3  
  117  7:27  Barracks Reactor  
  117  7:28  Factory  
  120  7:30  Factory  
  120  7:34  Supply Depot  
  120  7:35  Supply Depot, Terran Vehicle Weapons Level 1, Missile Turret, Terran Vehicle And Ship Armor Level 1  
  120  7:37  Missile Turret  
  120  7:41  Hellion x2  
  124  7:46  Siege Tank  
  124  7:48  Siege Tank  
  130  7:52  Supply Depot, Missile Turret  
  130  7:59  Mag-Field Accelerator  
  130  8:02  Infernal Pre-Igniter  
  130  8:03  Hellion  
  132  8:06  Missile Turret  
  132  8:08  Supply Depot, SCV x3  
  135  8:19  Factory Tech Lab  
  135  8:20  Siege Tank x2  
  135  8:25  Hellion  
  135  8:26  Hellion x3  
  149  8:33  Sensor Tower  
  148  8:46  Cyclone  
  151  8:48  Refinery  
  151  8:49  Refinery  
  151  8:50  Missile Turret  
  151  8:51  Missile Turret  
  151  8:52  Cyclone  
  151  8:53  Cyclone  
  151  8:54  Planetary Fortress  
  157  8:56  SCV x3  
  160  9:04  Hellion x4  
  168  9:18  Cyclone  
  168  9:21  Missile Turret  
  168  9:22  Missile Turret  
  171  9:25  Cyclone x2, Sensor Tower  
  171  9:28  Hellion x4  
  185  9:33  Terran Vehicle Weapons Level 2  
  185  9:36  Terran Vehicle And Ship Armor Level 2  
  183  9:54  Hellion x2  
  183  9:57  Factory x2  
  183  9:59  Factory  
  187  10:04  Supply Depot  
  187  10:05  Supply Depot  
  187  10:11  Hellion x2  
  187  10:14  Cyclone  
  187  10:25  Hellion  
  187  10:26  Cyclone x2, Hellion  
  195  10:30  Command Center  
  195  10:33  Hellion  
  197  10:36  Hellion  
  197  10:42  Smart Servos  
  197  10:44  Factory Tech Lab  
  197  10:45  Factory Reactor  
  197  10:46  Cyclone  
  198  10:58  Cyclone x2  
  198  11:00  Cyclone  
  199  11:10  Siege Tank  
  199  11:11  Hellion x2  
  178  11:12  Hellion  
  178  11:18  Siege Tank  
  183  11:22  Hellion x3  
  185  11:30  Siege Tank x2  
  191  11:32  Hellion  
  191  11:44  Siege Tank  
  191  11:45  Siege Tank  
  191  11:46  Hellion x4  
  200  11:54  Terran Vehicle And Ship Armor Level 3, Terran Vehicle Weapons Level 3  
  198  12:05  Cyclone x3  
  198  12:06  Hellion x2  
  198  12:07  Hellion x2  
  198  12:08  Hellion  
  193  12:16  Cyclone  
  193  12:17  Cyclone  
  193  12:19  Planetary Fortress  
  193  12:21  Refinery  
  193  12:22  Refinery  
  193  12:32  Hellion x3  
  193  12:37  Cyclone  
  200  12:44  Cyclone x2  
  197  12:45  Hellion  
  195  12:59  Command Center  
  195  13:05  Cyclone x2  
  195  13:06  Hellion x2  
  169  13:27  Siege Tank x3  
  169  13:28  Hellion x4  
  169  13:31  Hellion x2  
  175  13:37  Siege Tank  
  176  13:41  Cyclone  
  174  13:50  Hellion x3  
  169  13:59  Cyclone x3  
  169  14:04  Hellion  
  169  14:06  Hellion x2  
  169  14:07  Hellion x5  
  169  14:09  Cyclone  
  174  14:13  Siege Tank  
  159  14:24  SCV x4  
  141  14:27  Hellion x3  
  141  14:31  Siege Tank x3  
  155  14:35  Hellion  
  155  14:36  Hellion x2  
  164  14:41  Siege Tank  
  164  14:42  Sensor Tower  
  164  14:45  Cyclone, Missile Turret  
  169  14:46  SCV x4  
  169  14:48  Hellion  
  169  14:49  Starport Reactor  
  169  14:50  Terran Ship Weapons Level 1  
  169  14:59  Hellion x5  
  175  15:03  Cyclone x3  
  184  15:10  Hellion  
  184  15:13  Cyclone, Planetary Fortress  
  189  15:17  Cyclone  
  170  15:31  Viking x2  
  170  15:33  Hellion x3  
  170  15:35  Thor x3  
  169  15:45  Thor  
  169  15:47  SCV  
  169  15:48  SCV  
  169  15:49  Thor  
  183  16:01  Viking x2  
  175  16:12  Hellion x2  
  175  16:13  Hellion  
  175  16:14  Hellion x3  
  175  16:18  Thor x2  
  195  16:24  Siege Tank  
  198  16:30  Viking  
  200  16:35  Command Center  
  196  16:42  Thor  
Tags
 
Add a new tag
Caveats
  • Supply blocks, unpowered buildings, or Contaminate may cause inaccurate times.
  • Supply counts are checked every 10 seconds.